 Dungeon Crawl Stone Soup version 0.20-a0-971-g5896763 (webtiles) character file.

279 Hybris the Skirmisher (level 6, 0/60 HPs)
             Began as an Ogre Fighter on Apr 8, 2017.
             Was an Initiate of Hepliaklqana.
             Succumbed to an adder's poison
             ... on level 4 of the Dungeon.
             The game lasted 00:07:05 (4698 turns).

Hybris the Skirmisher (Ogre Fighter)                Turns: 4698, Time: 00:07:06

Health: 0/60       AC:  3    Str: 20 (21) XL:     6   Next: 26%
Magic:  6/6        EV: 10    Int:  8 (9)  God:    Hepliaklqana [......]
Gold:   159        SH:  0    Dex:  9 (10) Spells: 5/5 levels left

rFire    . . .     SeeInvis .   s - +0 great mace
rCold    . . .     Gourm    .   (shield currently unavailable)
rNeg     . . .     Faith    .   b - +0 robe
rPois    .         Spirit   .   (helmet restricted)
rElec    .         Reflect  .   (no cloak)
rCorr    +         Harm     .   (gloves unavailable)
MR       .....                  (boots unavailable)
Stlth    +.........             (no amulet)
Regen    0.2/turn               j - ring of resist corrosion
MPRegen  0.1/turn               (no ring)

@: lethally poisoned (0 -> -1)
A: unfitting armour, reduced essence, agile 1, sense surroundings 1, tough skin
1, weak 1
a: Recall Ancestor, Ancestor Identity, Renounce Religion


You were on level 4 of the Dungeon.
You worshipped Hepliaklqana.
Hepliaklqana was noncommittal.
You were full.

You visited 1 branch of the dungeon, and saw 4 of its levels.

You collected 159 gold pieces.

Inventory:

Hand Weapons
 a - a +0 flail
 s - a +0 great mace (weapon)
Missiles
 k - 4 large rocks (quivered)
Armour
 b - a +0 robe (worn)
Jewellery
 h - an uncursed amulet of the gourmand {unknown}
 j - a ring of resist corrosion (left hand)
Wands
 c - a wand of random effects (26/48)
Scrolls
 e - a scroll of enchant armour {unknown}
 o - 2 scrolls of identify
 p - a scroll of magic mapping {unknown}
Potions
 d - a potion of might
 g - a potion of invisibility
Comestibles
 m - 2 chunks of flesh
 n - 2 meat rations


   Skills:
 + Level 6.1 Fighting
 * Level 4.8 Maces & Flails
 - Level 2.6 Dodging
   Level 2.6 Shields


You had 5 spell levels left.
You didn't know any spells.

Dungeon Overview and Level Annotations

Branches:
Dungeon (4/15)
 Temple: D:4-7

Altars:
Ashenzari
Cheibriados
Elyvilon
Hepliaklqana
Uskayaw
Vehumet
The Shining One


Innate Abilities, Weirdness & Mutations

You are too large for most types of armour.
You have tough skin. (AC +1)
Your life essence is reduced. (-10% HP)
You are agile. (Dex +2)
You passively map a small area around you.
You are weak. (Str -2)


Message History

Eat one of 3 chunks of flesh? (ye/n/q)
You eat one of the 3 chunks of flesh.
This raw flesh tastes terrible.
* * * LOW HITPOINT WARNING * * *
You feel sick.
The orc barely misses Tiberius.
You eat the bread ration.
That bread ration really hit the spot!
* * * LOW HITPOINT WARNING * * *
You feel sick.
The orc barely misses Tiberius.
* * * LOW HITPOINT WARNING * * *
You feel sick.
* * * LOW HITPOINT WARNING * * *
You feel sick.
* * * LOW HITPOINT WARNING * * *
You feel sick.
The orc hits Tiberius but does no damage.
Tiberius barely misses the orc.
Tiberius hits the orc.
The orc dies!
* * * LOW HITPOINT WARNING * * *
You feel sick.
You die...

#.# #.# * #.##
, #..# * ##.#
#.# #.# #.# *
### #@# ##.##
#.# .####...##
#.# oo..o....#
#.# #o%.# #R#
##.#########.#
#...ooo)R.o.#
#############


You could see the friendly Tiberius the ancestor and an orc.

Vanquished Creatures
  Terence (D:3)
  Natasha (twice) (D:3)
  7 adders
  An ooze (D:1)
  2 worms
  4 dart slugs
  2 leopard geckos
  An orc (D:3)
  9 bats
  4 giant cockroaches
  6 goblins
  3 hobgoblins
  7 jackals
  A quokka (D:3)
  5 frilled lizards
  10 kobolds
  6 rats
71 creatures vanquished.

Vanquished Creatures (collateral kills)
  Natasha (D:3)
  An adder (D:4)
  A leopard gecko (D:3)
  4 orcs
  3 bats (D:3)
  A goblin (D:3)
  A hobgoblin (D:3)
  A jackal (D:2)
  A rat (D:3)
14 creatures vanquished.

Vanquished Creatures (others)
  3 ancestors (D:3)
3 creatures vanquished.

Grand Total: 88 creatures vanquished

Notes
Turn   | Place    | Note
-------+----------+-------------------------------------------
     0 | D:1      | Hybris the Ogre Fighter began the quest for the Orb.
     0 | D:1      | Reached XP level 1. HP: 24/24 MP: 1/1
   355 | D:1      | Reached XP level 2. HP: 29/33 MP: 2/2
   758 | D:1      | Reached XP level 3. HP: 40/40 MP: 3/3
  1662 | D:2      | Found a faded altar of an unknown god.
  1679 | D:2      | Reached XP level 4. HP: 38/49 MP: 4/4
  1793 | D:2      | Reached skill level 5 in Fighting
  2179 | D:2      | Found a radiant altar of Vehumet.
  2186 | D:2      | Found a shattered altar of Ashenzari.
  2193 | D:2      | Found a hazy altar of Hepliaklqana.
  2200 | D:2      | Found a snail-covered altar of Cheibriados.
  2205 | D:2      | Found a glowing golden altar of the Shining One.
  2212 | D:2      | Found a white marble altar of Elyvilon.
  2217 | D:2      | Found a hide-covered altar of Uskayaw.
  2228 | D:2      | Became a worshipper of Hepliaklqana the Forgotten
  3257 | D:3      | Reached XP level 5. HP: 14/51 MP: 5/5
  3781 | D:3      | Noticed Terence
  3798 | D:3      | Killed Terence
  3884 | D:3      | Noticed Natasha
  3889 | D:3      | Killed Natasha
  4056 | D:3      | Noticed Natasha
  4067 | D:3      | Killed Natasha
  4067 | D:3      | Reached XP level 6. HP: 34/60 MP: 6/6
  4071 | D:3      | Noticed Natasha
  4434 | D:3      | Killed Natasha
  4434 | D:3      | Reached skill level 6 in Fighting
  4676 | D:4      | Gained mutation: You are agile. (Dex +2) [potion of mutation]
  4676 | D:4      | Gained mutation: You are weak. (Str -2) [potion of mutation]
  4676 | D:4      | Gained mutation: You passively map a small area around you. [potion of mutation]
  4683 | D:4      | HP: 3/60 [poisoned by an adder]
  4688 | D:4      | HP: 1/60 [poisoned by an adder]
  4694 | D:4      | HP: 1/60 [poisoned by an adder]
  4698 | D:4      | Succumbed to an adder's poison

Vault maps used:
D:1:      doesnt_arrival_goblin_jail, serial_bayou_crossing
D:2:      grunt_temple_overflow_octagram, chequers_ecumenical_altar_simple_redux
D:3:      minmay_crystal_room, uniq_terence, uniq_natasha

Skill      XL: |  1  2  3  4  5  6 |
---------------+-------------------+-----
Maces & Flails | 2 3 4 |  4.8
Fighting       | 5 6 |  6.1
Dodging        | |  2.6
Shields        | |  2.6

Action                   |  1- 3 |  4- 6 || total
-------------------------+-------+-------++-------
Melee: Flail             |   121 |   174 ||   295
       Great mace        |       |    30 ||    30
  Use: Scroll            |       |     5 ||     5
       Potion            |       |     4 ||     4
 Stab: Sleeping          |       |     1 ||     1
       Distracted        |       |     1 ||     1
  Eat: Chunk             |     3 |    10 ||    13
       Bread ration      |       |     1 ||     1
Armor: Robe              |    48 |    54 ||   102
Dodge: Dodged            |    58 |    82 ||   140
Block: Shield            |    77 |    86 ||   163
